 Dungeon Crawl Stone Soup version 0.31.0-9-g3a7656b989 (webtiles) character file.

Game seed: 16828412081515523584

48 qw the Shooter (level 3, -3/20 HPs)
             Began as a Deep Elf Hunter on Feb 2, 2024.
             Slain by a gnoll
             ... wielding a +0 whip
              (6 damage)
             ... on level 2 of the Dungeon.
             The game lasted 00:00:03 (1164 turns).

qw the Shooter (Deep Elf Hunter)                    Turns: 1164, Time: 00:00:03

Health: -3/20      AC:  5    Str: 10    XL:     3   Next: 50%
Magic:  5/5        EV: 11    Int: 13    God:
Gold:   118        SH:  0    Dex: 18    Spells: 2/2 levels left

rFire   . . .        a - +0 shortbow
rCold   . . .        (shield currently unavailable)
rNeg    . . .        f - +0 ring mail
rPois   .            (no helmet)
rElec   .            (no cloak)
rCorr   .            (no gloves)
SInv    .            (no boots)
Will    .....        (no amulet)
Stlth   +            (no ring)
HPRegen 0.23/turn    (no ring)
MPRegen 0.09/turn

%: no passive effects
@: no status effects
A: no striking features
a: no special abilities


You were on level 2 of the Dungeon.
You visited 1 branch of the dungeon, and saw 2 of its levels.

You collected 118 gold pieces.


   Skills:
 - Level 1.5 Fighting
 + Level 7.0 Ranged Weapons
 - Level 2.4 Dodging
 - Level 1.2 Stealth


You had 2 spell levels left.
You didn't know any spells.
Your spell library was empty.

Inventory:

Hand Weapons
 a - a +0 shortbow (weapon)
Armour
 b - a +3 leather armour
 f - a +0 ring mail (worn)
Jewellery
 h - an amulet of faith
Scrolls
 g - a scroll of amnesia {unknown}
Potions
 c - a potion of invisibility {unknown}
 d - a potion of mutation {unknown}
 e - a potion of heal wounds {unknown}

Dungeon Overview and Level Annotations

Branches:
Dungeon (2/15)

Altars:


Message History

A gnoll comes into view. It is wielding a +0 spear.
You hear a shout! x2
You shoot an arrow.
The arrow closely misses the giant cockroach.
The giant cockroach bites you but does no damage.
You shoot an arrow.
The arrow hits the giant cockroach but does no damage.
The giant cockroach bites you but does no damage.
The gnoll hits you from afar with a +0 spear.
A gnoll comes into view. It is wielding a +0 whip.
You shoot an arrow. The arrow hits the giant cockroach.
The giant cockroach is moderately wounded.
The giant cockroach closely misses you.
The gnoll hits you from afar with a +0 spear.
A gnoll comes into view. It is wielding a +0 whip.
The giant cockroach barely misses you.
You shoot an arrow.
The arrow closely misses the giant cockroach.
The gnoll hits you from afar with a +0 spear!
A gnoll comes into view. It is wielding a +0 club.
The giant cockroach closely misses you.
Enter note:
Enter note:
1159 ||| RETREEEEATING.
The giant cockroach bites you but does no damage.
You shoot an arrow.
The arrow barely misses the giant cockroach.
The gnoll hits you from afar with a +0 spear.
The giant cockroach bites you but does no damage.
You shoot an arrow. The arrow hits the giant cockroach.
The giant cockroach is heavily wounded.
The giant cockroach barely misses you. x2
You shoot an arrow. The arrow hits the giant cockroach.
You kill the giant cockroach!
You shoot an arrow. The arrow closely misses the gnoll.
The gnoll barely misses you.
You shoot an arrow. The arrow hits the gnoll!
The gnoll is heavily wounded.
The gnoll hits you with a +0 whip.
You die...

###############
###..............
#...###..########
##.### 7..7 7
#..# 7..7 7 #.##
7..7 #@# 7..7 #g#
77.77 .gg.gg)..#
7.77 ...#######
77.7 7.77 7.7
7.77 7..7 77.7


You could see a gnoll.

Vanquished Creatures
  A gnoll (D:2)
  An adder (D:2)
  3 ball pythons
  An endoplasm (D:2)
  A giant cockroach (D:2)
  2 goblins (D:2)
  3 hobgoblins (D:1)
  2 jackals (D:1)
  3 kobolds (D:1)
  3 quokkas
  A frilled lizard (D:2)
  6 rats
27 creatures vanquished.

Notes
Turn   | Place    | Note
-------+----------+-------------------------------------------
     0 | D:1      | qw the Deep Elf Hunter began the quest for the Orb.
     0 | D:1      | Reached XP level 1. HP: 12/12 MP: 3/3
     0 | D:1      | 0 ||| qw: Version: 0.3-a-155-g5e7d8dd
     0 | D:1      | 0 ||| qw: Game counter: 1197
     0 | D:1      | 0 ||| qw: Melee chars always use a shield: true
     0 | D:1      | 0 ||| qw: God list: Okawaru
     0 | D:1      | 0 ||| qw: Allow faded altars: false
     0 | D:1      | 0 ||| qw: Do Orc after clearing Dungeon:15 true
     0 | D:1      | 0 ||| qw: Do second Lair branch before Depths: true
     0 | D:1      | 0 ||| qw: Lair rune preference: random
     0 | D:1      | 0 ||| qw: Goals: Normal
     0 | D:1      | 0 ||| PLANNING D:1-11
   360 | D:1      | Reached skill level 6 in Ranged Weapons
   360 | D:1      | Reached XP level 2. HP: 16/16 MP: 4/4
   671 | D:1      | 671 ||| UPGRADING to +0 ring mail.
   681 | D:1      | 681 ||| DROPPING +0 leather armour.
   682 | D:1      | 682 ||| DROPPING scroll of butterflies.
   772 | D:2      | Reached XP level 3. HP: 17/20 MP: 5/5
   909 | D:2      | 909 ||| FLEEEEING.
   910 | D:2      | 910 ||| FLEEEEING.
   911 | D:2      | 911 ||| FLEEEEING.
   912 | D:2      | 912 ||| FLEEEEING.
   913 | D:2      | 913 ||| FLEEEEING.
   979 | D:2      | Reached skill level 7 in Ranged Weapons
  1159 | D:2      | 1159 ||| RETREEEEATING.
  1160 | D:2      | HP: 2/20 [gnoll/+0 spear (4)]
  1164 | D:2      | Slain by a gnoll

Levels and vault maps discovered:
D:1:      dpeg_arrival_connections, layout_basic
D:2:      kb_forest_paths, layout_rooms

Skill      XL: |  1  2  3 |
---------------+----------+-----
Ranged Weapons | 6 7 |  7.0
Fighting       | |  1.5
Dodging        | |  2.4
Stealth        | |  1.2

Action                     || total
---------------------------++-------
   Fire: Shortbow          ||    71
 Armour: Leather armour    ||     3
         Ring mail         ||    13
  Dodge: Dodged            ||    19

Table legend:
 A = Non-vault XP
 B = Vault XP
 C = Vault XP percentage of total XP
 D = Non-vault monster count
 E = Vault monster count
 F = Vault count percentage of total count
                 A         B        C        D         E       F
            +---------+---------+-------+---------+---------+-------
      Total |      35 |      34 |  49.3 |      21 |       6 |  22.2
            +---------+---------+-------+---------+---------+-------
        D:1 |      26 |       0 |   0.0 |      15 |       0 |   0.0
        D:2 |       9 |      34 |  79.1 |       6 |       6 |  50.0
            +---------+---------+-------+---------+---------+-------
